 Dungeon Crawl Stone Soup version 0.28.0-53-g5a82cb258f (webtiles) character file.

Game seed: 1696314908385651714

105 Sin92 the Digger (level 4, -3/25 HPs)
             Began as a Gargoyle Earth Elementalist on July 7, 2022.
             Slain by Grinder (8 damage)
             ... while paralysed by Grinder
             ... on level 3 of the Dungeon.
             The game lasted 00:12:17 (3115 turns).

Sin92 the Digger (Gargoyle Earth Elementalist)      Turns: 3115, Time: 00:12:17

Health: -3/25      AC: 12    Str: 12    XL:     4   Next: 81%
Magic:  4/7        EV:  2    Int: 15    God:
Gold:   119        SH:  0    Dex: 12    Spells: 7/8 levels left

rFire   . . .      SeeInvis .   l - +0 mace
rCold   . . .      Faith    .   (no shield)
rNeg    + + .      Spirit   .   d - +0 chain mail
rPois   ∞          Reflect  .   (no helmet)
rElec   +          Harm     .   (no cloak)
rCorr   .          Rampage  .   (no gloves)
Will    .....                   (no boots)
Stlth   ..........              (no amulet)
HPRegen 0.08/turn               h - ring of positive energy
MPRegen 0.10/turn               (no ring)

@: paralysed, flying, very slightly contaminated
A: sickness immunity, AC +3, negative energy resistance 1, electricity
resistance, torment resistance 1, petrification resistance
a: no special abilities


You were on level 3 of the Dungeon.
You visited 1 branch of the dungeon, and saw 3 of its levels.

You collected 119 gold pieces.

Inventory:

Hand Weapons
 f - a +0 hunting sling
 l - a +0 mace (weapon)
Missiles
 c - 39 stones
 e - 23 sling bullets
Armour
 b - a +0 robe
 d - a +0 chain mail (worn)
Magical Staves
 q - a staff of earth
Jewellery
 h - a ring of positive energy (left hand)
Wands
 m - a wand of mindburst (13)
Scrolls
 g - a scroll of torment {unknown}
 n - a scroll of identify {unknown}
 o - a scroll of magic mapping {unknown}
Potions
 a - a potion of curing
 j - a potion of berserk rage {unknown}
 k - a potion of haste {unknown}
 p - 2 potions of brilliance {unknown}
 r - a potion of heal wounds {unknown}


   Skills:
 + Level 1.3 Fighting
 + Level 0.6 Maces & Flails
 * Level 0.1(0.3) Staves
 + Level 0.7 Slings
 + Level 1.5 Armour
 + Level 2.1 Dodging
 - Level 2.1 Stealth
 + Level 2.5 Spellcasting
 + Level 1.3 Transmutations
 + Level 4.1 Earth Magic


You had 7 spell levels left.
You knew the following spells:

 Your Spells              Type           Power      Damage    Failure   Level
a - Sandblast             Erth           28%        2d8       86%         1

Your spell library contained the following spells:

 Spells                   Type           Power      Damage    Failure   Level
 Passwall                 Tmut/Erth      8%         N/A       99%         2
 Dazzling Flash           Conj/Hex       2%         N/A       100%        3
 Stone Arrow              Conj/Erth      16%        3d8       100%        3
 Petrify                  Tmut/Erth      10%        N/A       100%        4
 Agony                    Necr           1%         N/A       100%        5
 Silence                  Hex/Air        0%         N/A       100%        5


Dungeon Overview and Level Annotations

Branches:
Dungeon (3/15)

Altars:

Annotations:
D:3 Grinder


Innate Abilities, Weirdness & Mutations

You are immune to sickness and miasma.
Your stone body is resilient. (AC +3)
You are immune to poison.
You resist negative energy. (rN+)
You are resistant to electric shocks. (rElec)
You are resistant to unholy torment.
You are immune to petrification.


Message History

Grinder is lightly wounded.
You hit Grinder but do no damage.
Grinder is lightly wounded.
Grinder blinks!
f - a +0 hunting sling (weapon)
You shoot a sling bullet.
The sling bullet closely misses Grinder.
Fire: 25 sling bullets
Press: ? - help, Q - select action, (/) - cycle Shift-Dir - straight line, f/p - Grinder
Aim: Grinder (lightly wounded, 52% to hit)
You shoot a sling bullet. The sling bullet hits Grinder.
Grinder is moderately wounded.
Grinder gestures at you. Pain shoots through your body!
Fire: 24 sling bullets
Press: ? - help, Q - select action, (/) - cycle Shift-Dir - straight line, f/p - Grinder
Aim: Grinder (moderately wounded, 52% to hit)
You shoot a sling bullet.
The sling bullet hits Grinder but does no damage.
Grinder is moderately wounded.
Grinder blinks!
l - a +0 mace (weapon)
You miscast Sandblast.
You are very lightly contaminated with residual magic.
Nothing appears to happen.
Grinder hits you.
You writhe in agony.
You barely miss Grinder.
Grinder is lightly wounded.
Grinder barely misses you. Grinder hits you.
* * * LOW HITPOINT WARNING * * *
You hit Grinder.
Grinder is moderately wounded.
Grinder gestures at you. Pain shoots through your body!
* * * LOW HITPOINT WARNING * * *
Unknown command.
You hit Grinder. You punch Grinder.
Grinder is heavily wounded.
Grinder gestures at you.
You suddenly lose the ability to move!
Grinder hits you!
You die...

..####........#.....# ##.....
.#####........#..#### ####......
.................# ###....#....
..........>......#####...####.###
..........#........#...####...#
####..........................#
#..........###...............#
##..........####5..###........#
.........##.....@...()(.......#
##.........#........##........#
#......##..........##....(...#
#......#####...........#######
#####.## #.......#.... #.#
####.##########.. #.###....# ###
#.....#### #.#####


You could see Grinder.

Vanquished Creatures
  4 adders
  3 worms
  3 dart slugs (D:1)
  An orc (D:3)
  5 bats
  4 endoplasms
  4 giant cockroaches
  6 hobgoblins
  2 kobolds
  A quokka (D:2)
  9 ball pythons
  4 frilled lizards
  4 goblins
  3 rats
53 creatures vanquished.

Notes
Turn   | Place    | Note
-------+----------+-------------------------------------------
     0 | D:1      | Sin92 the Gargoyle Earth Elementalist began the quest for
                  | the Orb.
     0 | D:1      | Reached XP level 1. HP: 10/10 MP: 3/3
   482 | D:1      | Reached XP level 2. HP: 16/16 MP: 1/5
   612 | D:1      | Reached skill level 1 in Transmutations
  1021 | D:1      | Reached XP level 3. HP: 20/20 MP: 6/6
  1137 | D:1      | Reached skill level 1 in Armour
  1331 | D:2      | Reached skill level 4 in Earth Magic
  1528 | D:2      | Reached skill level 1 in Fighting
  2011 | D:2      | Reached XP level 4. HP: 25/25 MP: 7/7
  2031 | D:2      | Found a faded altar of an unknown god.
  3056 | D:3      | Noticed Grinder
  3115 | D:3      | Paralysed by Grinder for 6 turns
  3115 | D:3      | Slain by Grinder

Illustrated notes

Levels and vault maps discovered:
D:1:      scummos_arrival_forest, layout_basic
D:2:      layout_loops_ring, dreamdust_ecumenical_altar_statues,
          minmay_liquid_box, glass_columns_a
D:3:      layout_rooms, minmay_goblin_outpost, uniq_grinder

Skill      XL: |  1  2  3 |
---------------+----------+-----
Transmutations | 1 |  1.3
Armour         | 1 |  1.5
Earth Magic    | 4 |  4.1
Fighting       | 1 |  1.3
Dodging        | 2 |  2.1
Maces & Flails | |  0.6
Staves         | |  0.1
Slings         | |  0.7
Stealth        | |  2.1
Spellcasting   | |  2.5

Action                   |  1- 3 |  4- 6 || total
-------------------------+-------+-------++-------
Melee: Unarmed           |    14 |       ||    14
       Punch             |     2 |     1 ||     3
       Club              |    26 |     6 ||    32
       Mace              |       |    56 ||    56
 Fire: Hunting sling     |    30 |    19 ||    49
 Cast: Sandblast         |    21 |    15 ||    36
  Use: Scroll            |     1 |     1 ||     2
       Potion            |       |     2 ||     2
Armor: Robe              |     7 |     7 ||    14
       Chain mail        |       |    54 ||    54
Dodge: Dodged            |    27 |    35 ||    62
